SL
MONTGOMERY BISCUITS @ MOBILE BAYBEARS
04/13/2099
 
TOP OF THE 1ST
Montgomery Biscuits batting - Pitching for Mobile BayBears : RHP Jim Unknown
Pitching: RHP Jim Unknown
Batting: RHB Melvin Casasola 0-0: Ball
1-0: Called Strike
1-1: Fly out, F9 (Flyball, 9LS, EV 87.5 MPH)
Batting: RHB Jose Cobian 0-0: Ball
1-0: Ball
2-0: Ball
3-0: Hit by Pitch
Batting: LHB Matt Flagg 0-0: Ball
1-0: Called Strike
1-1: Ball
2-1: Ball
3-1: Base on Balls
Jose Cobian to second
Batting: RHB Bobby Williams 0-0: Called Strike
0-1: Ball
1-1: Ball
2-1: Fielders Choice at 2nd, 6-4 (Groundball, 6, EV 83.1 MPH)
Jose Cobian to third
Batting: RHB Alex Soto 0-0: Ball
1-0: Fly out, F9 (Flyball, 9, EV 82.5 MPH)
Top of the 1st over - 0 runs, 0 hits, 0 errors, 2 left on base; Montgomery 0 - Mobile 0
BOTTOM OF THE 1ST
Mobile BayBears batting - Pitching for Montgomery Biscuits : RHP Sam Zick
Pitching: RHP Sam Zick
Batting: RHB Jim Unknown 0-0: Fly out, F8 (Flyball, 8LD, EV 98.1 MPH)
Batting: LHB Jim Unknown 0-0: Ball
1-0: Ball
2-0: Called Strike
2-1: Foul Ball, location: 3SF
2-2: Foul Ball, location: 5SF
2-2: Ball
3-2: Strikes out looking
Batting: RHB Jim Unknown 0-0: Ball
1-0: Called Strike
1-1: Ball
2-1: Fly out, F7 (Flyball, 7S, EV 84.4 MPH)
Bottom of the 1st over - 0 runs, 0 hits, 0 errors, 0 left on base; Montgomery 0 - Mobile 0
TOP OF THE 2ND
Montgomery Biscuits batting - Pitching for Mobile BayBears : RHP Jim Unknown
Batting: LHB Joe Carter 0-0: Ball
1-0: Swinging Strike
1-1: Ground out 3-1 (Groundball, 34, EV 90.6 MPH)
Batting: RHB Mike Woods 0-0: Ball
1-0: Foul Ball, location: 23F
1-1: Ball
2-1: Foul Ball, location: 3F
2-2: Strikes out swinging
Batting: RHB Jason William 0-0: Ball
1-0: Ball
2-0: Called Strike
2-1: Called Strike
2-2: Foul Ball, location: 3F
2-2: Ground out U3 (Groundball, 34, EV 78.8 MPH)
Top of the 2nd over - 0 runs, 0 hits, 0 errors, 0 left on base; Montgomery 0 - Mobile 0
BOTTOM OF THE 2ND
Mobile BayBears batting - Pitching for Montgomery Biscuits : RHP Sam Zick
Batting: RHB Jim Unknown 0-0: Called Strike
0-1: Swinging Strike
0-2: Foul Ball, location: 2F
0-2: Ball
1-2: Foul Ball, location: 2RF
1-2: Strikes out swinging
Batting: RHB Jim Unknown 0-0: Called Strike
0-1: Called Strike
0-2: Ball
1-2: Strikes out swinging
Batting: RHB Jim Unknown 0-0: Ball
1-0: SINGLE (Groundball, 6MD, EV 102.5 MPH)
Batting: RHB Jim Unknown 0-0: Foul Ball, location: 25F
0-1: Ball
1-1: Ball
2-1: Swinging Strike
2-2: Ball
3-2: Foul Ball, location: 2F
3-2: DOUBLE (Line Drive, 7LD, EV 110.6 MPH)
Jim Unknown to third
Jim Unknown scores
Batting: SHB Jim Unknown 0-0: Foul Ball, location: 7LMF
0-1: Ball
1-1: Foul Ball, location: 9LSF
1-2: Strikes out swinging
Bottom of the 2nd over - 1 run, 2 hits, 0 errors, 1 left on base; Montgomery 0 - Mobile 1
TOP OF THE 3RD
Montgomery Biscuits batting - Pitching for Mobile BayBears : RHP Jim Unknown
Batting: RHB John Wiersema 0-0: Swinging Strike
0-1: Foul Ball, location: 2F
0-2: Fly out, F5 (Popup, 5SF, EV 75.0 MPH)
Batting: RHB Melvin Casasola 0-0: Ball
1-0: Ball
2-0: Foul Ball, location: 2LF
2-1: Called Strike
2-2: Foul Ball, location: 25F
2-2: Ball
3-2: Ground out 4-3 (Groundball, 4, EV 108.1 MPH)
Batting: RHB Jose Cobian 0-0: SINGLE (Groundball, 4MD, EV 95.6 MPH)
Batting: LHB Matt Flagg 0-0: Ball
1-0: Swinging Strike
1-1: Ball
2-1: Fly out, F7 (Flyball, 78M, EV 80.6 MPH)
Top of the 3rd over - 0 runs, 1 hit, 0 errors, 1 left on base; Montgomery 0 - Mobile 1
BOTTOM OF THE 3RD
Mobile BayBears batting - Pitching for Montgomery Biscuits : RHP Sam Zick
Batting: LHB Jim Unknown 0-0: Called Strike
0-1: Swinging Strike
0-2: Foul Ball, location: 7LDF
0-2: Strikes out swinging
Batting: RHB Jim Unknown 0-0: Ground out 5-3 (Groundball, 56S, EV 88.1 MPH)
Batting: LHB Jim Unknown 0-0: Called Strike
0-1: Called Strike
0-2: Ground out 6-3 (Groundball, 56, EV 89.4 MPH)
Bottom of the 3rd over - 0 runs, 0 hits, 0 errors, 0 left on base; Montgomery 0 - Mobile 1
TOP OF THE 4TH
Montgomery Biscuits batting - Pitching for Mobile BayBears : RHP Jim Unknown
Batting: RHB Bobby Williams 0-0: Ball
1-0: Ball
2-0: Ball
3-0: Base on Balls
Batting: RHB Alex Soto 0-0: Ball
1-0: Foul Ball, location: 2F
1-1: SINGLE (Groundball, 56D, EV 108.1 MPH)
Bobby Williams to second
Batting: LHB Joe Carter 0-0: Called Strike
0-1: SINGLE (Groundball, 4MD, EV 98.1 MPH)
Bobby Williams to third
Alex Soto to second
Runner from 3rd tries for Home, SAFE, throw by CF to home
Batting: RHB Mike Woods 0-0: Ball
1-0: Foul Ball, location: 25F
1-1: Called Strike
1-2: Foul Ball, location: 7LSF
1-2: Ball
2-2: Foul Ball, location: 9LSF
2-2: Fielders Choice at 2nd, 3-6 (Groundball, 34S, EV 84.4 MPH)
Alex Soto to third
Batting: RHB Jason William 0-0: Ball
1-0: Grounds into double play, 4-6-3 (Groundball, 4, EV 87.5 MPH)
Top of the 4th over - 1 run, 2 hits, 0 errors, 1 left on base; Montgomery 1 - Mobile 1
BOTTOM OF THE 4TH
Mobile BayBears batting - Pitching for Montgomery Biscuits : RHP Sam Zick
Batting: RHB Jim Unknown 0-0: Ball
1-0: Fly out, F9 (Flyball, 9S, EV 86.3 MPH)
Batting: RHB Jim Unknown 0-0: Ball
1-0: Called Strike
1-1: Swinging Strike
1-2: Hit by Pitch
Batting: RHB Jim Unknown 0-0: Ball
1-0: Ball
Jim Unknown steals 2nd, throwing error, E2
Jim Unknown to third
2-0: SINGLE (Line Drive, 4MD, EV 96.9 MPH)
Jim Unknown scores
Batting: RHB Jim Unknown 0-0: Called Strike
0-1: Called Strike
0-2: Ball
Passed Ball!
Jim Unknown to second
1-2: Ball
2-2: Strikes out swinging
Batting: RHB Jim Unknown 0-0: Called Strike
0-1: Called Strike
0-2: Ball
1-2: Ball
2-2: SINGLE (Groundball, 34D, EV 95.6 MPH)
Jim Unknown to third
Runner from 3rd tries for Home, SAFE, throw by RF to home
Batting: SHB Jim Unknown 0-0: Ball
1-0: SINGLE (Groundball, 34S, EV 83.8 MPH) (infield hit)
Jim Unknown to second
Batting: LHB Jim Unknown 0-0: Swinging Strike
0-1: Foul Ball, location: 2F
0-2: Strikes out swinging
Bottom of the 4th over - 2 runs, 3 hits, 1 error, 2 left on base; Montgomery 1 - Mobile 3
TOP OF THE 5TH
Montgomery Biscuits batting - Pitching for Mobile BayBears : RHP Jim Unknown
Batting: RHB John Wiersema 0-0: Fly out, F3 (Popup, 3SF, EV 80.6 MPH)
Batting: RHB Melvin Casasola 0-0: Ball
1-0: Called Strike
1-1: Foul Ball, location: 2F
1-2: Hit by Pitch
Batting: RHB Jose Cobian 0-0: Ground out 6-3 (Groundball, 6, EV 98.1 MPH)
Melvin Casasola to second
Batting: LHB Matt Flagg 0-0: Ball
1-0: Called Strike
1-1: SINGLE (Line Drive, 89M, EV 105.6 MPH)
Melvin Casasola to third
Runner from 3rd tries for Home, SAFE, throw by CF to home
Batting: RHB Bobby Williams 0-0: Ball
1-0: Ball
2-0: Fielders Choice at 2nd, 6-4 (Groundball, 6, EV 88.8 MPH)
Top of the 5th over - 1 run, 1 hit, 0 errors, 1 left on base; Montgomery 2 - Mobile 3
BOTTOM OF THE 5TH
Mobile BayBears batting - Pitching for Montgomery Biscuits : RHP Sam Zick
Batting: RHB Jim Unknown 0-0: Ball
1-0: Ball
2-0: Fly out, F4 (Popup, 4MD, EV 57.5 MPH)
Batting: LHB Jim Unknown 0-0: Ball
1-0: Foul Ball, location: 25FF
1-1: Foul Ball, location: 2F
1-2: Ball
2-2: Ground out 4-3 (Groundball, 4, EV 85.6 MPH)
Batting: RHB Jim Unknown 0-0: Ground out 5-3 (Groundball, 56, EV 81.3 MPH)
Bottom of the 5th over - 0 runs, 0 hits, 0 errors, 0 left on base; Montgomery 2 - Mobile 3
TOP OF THE 6TH
Montgomery Biscuits batting - Pitching for Mobile BayBears : RHP Jim Unknown
Batting: RHB Alex Soto 0-0: Fly out, F8 (Flyball, 8RD, EV 98.1 MPH)
Batting: LHB Joe Carter 0-0: Ground out 4-3 (Groundball, 4, EV 91.9 MPH)
Batting: RHB Mike Woods 0-0: SINGLE (Flyball, 89M, EV 94.4 MPH)
Batting: RHB Jason William 0-0: Called Strike
0-1: Ball
Mike Woods steals 2nd base
1-1: Foul Ball, location: 25F
1-2: Foul Ball, location: 2F
1-2: Strikes out swinging
Top of the 6th over - 0 runs, 1 hit, 0 errors, 1 left on base; Montgomery 2 - Mobile 3
BOTTOM OF THE 6TH
Mobile BayBears batting - Pitching for Montgomery Biscuits : RHP Sam Zick
Batting: RHB Jim Unknown 0-0: Called Strike
0-1: Foul Ball, location: 2F
0-2: Strikes out swinging
Batting: RHB Jim Unknown 0-0: Fly out, F9 (Flyball, 9LSF, EV 90.6 MPH)
Batting: RHB Jim Unknown 0-0: Swinging Strike
0-1: Ball
1-1: Fly out, F3 (Popup, 3S, EV 80.0 MPH)
Bottom of the 6th over - 0 runs, 0 hits, 0 errors, 0 left on base; Montgomery 2 - Mobile 3
TOP OF THE 7TH
Montgomery Biscuits batting - Pitching for Mobile BayBears : RHP Jim Unknown
Batting: RHB John Wiersema 0-0: Ball
1-0: Called Strike
1-1: Ball
2-1: Fly out, F9 (Line Drive, 9S, EV 90.0 MPH)
Batting: RHB Melvin Casasola 0-0: Ball
1-0: SINGLE (Groundball, 6S, EV 70.6 MPH) (infield hit)
Batting: RHB Jose Cobian 0-0: Ball
1-0: Fielders Choice at 2nd, 1-6 (Groundball, 13, EV 63.8 MPH)
Batting: LHB Matt Flagg 0-0: Ball
1-0: Called Strike
1-1: Ball
2-1: Ball
3-1: Base on Balls
Jose Cobian to second
Batting: RHB Bobby Williams 0-0: Foul Ball, location: 2F
0-1: Fly out, F8 (Flyball, 89D, EV 86.3 MPH)
Top of the 7th over - 0 runs, 1 hit, 0 errors, 2 left on base; Montgomery 2 - Mobile 3
BOTTOM OF THE 7TH
Mobile BayBears batting - Pitching for Montgomery Biscuits : RHP Sam Zick
Batting: RHB Jim Unknown 0-0: Called Strike
0-1: Foul Ball, location: 2F
0-2: Foul Ball, location: 9LDF
0-2: Hit by Pitch
Batting: SHB Jim Unknown 0-0: Called Strike
0-1: Called Strike
0-2: Foul Ball, location: 2F
0-2: Fly out, F9 (Flyball, 9S, EV 90.0 MPH)
Batting: LHB Jim Unknown 0-0: Foul Ball, location: 23F
0-1: Ball
1-1: Foul Ball, location: 2F
1-2: Strikes out swinging
Batting: RHB Jim Unknown 0-0: Called Strike
0-1: Fielders Choice at 2nd, 5-4 (Groundball, 56, EV 87.5 MPH)
Bottom of the 7th over - 0 runs, 0 hits, 0 errors, 1 left on base; Montgomery 2 - Mobile 3
TOP OF THE 8TH
Montgomery Biscuits batting - Pitching for Mobile BayBears : RHP Jim Unknown
Batting: RHB Alex Soto 0-0: Ball
1-0: Called Strike
1-1: Ball
2-1: Ball
3-1: Foul Ball, location: 3SF
3-2: Base on Balls
Pitching: RHP Jim Unknown
Batting: LHB Joe Carter 0-0: SINGLE (Line Drive, 3D, EV 94.4 MPH)
Alex Soto to second
Runner from 2nd tries for 3rd, SAFE, no throw by RF
Batting: LHB Javier Portilla 0-0: Ball
1-0: Called Strike
1-1: Foul Ball, location: 2F
1-2: Ball
2-2: Fly out, F6 (Popup, 5DF, EV 50.0 MPH)
Batting: RHB Jason William 0-0: Called Strike
0-1: SINGLE (Groundball, 4, EV 92.5 MPH)
Alex Soto scores
Joe Carter to second
Batting: RHB John Wiersema 0-0: Ball
1-0: Ball
2-0: Foul Ball, location: 9LDF
2-1: Called Strike
2-2: Fly out, F8 (Flyball, 8LM, EV 96.3 MPH)
Batting: RHB Melvin Casasola 0-0: SINGLE (Groundball, 5S, EV 66.3 MPH) (infield hit)
Joe Carter to third
Jason William to second
Batting: RHB Jose Cobian 0-0: Fly out, F8 (Flyball, 8LS, EV 88.8 MPH)
Top of the 8th over - 1 run, 3 hits, 0 errors, 3 left on base; Montgomery 3 - Mobile 3
BOTTOM OF THE 8TH
Mobile BayBears batting - Pitching for Montgomery Biscuits : RHP Sam Zick
Pitching: RHP Jay Wells
Batting: LHB Jim Unknown 0-0: Fly out, F9 (Flyball, 9, EV 90.6 MPH)
Batting: RHB Jim Unknown 0-0: SINGLE (Groundball, 3D, EV 103.8 MPH)
Batting: RHB Jim Unknown 0-0: Ball
1-0: Called Strike
1-1: Called Strike
1-2: Ball
2-2: Foul Ball, location: 2F
2-2: SINGLE (Groundball, 4MD, EV 108.1 MPH)
Jim Unknown to second
Batting: RHB Jim Unknown 0-0: Ball
1-0: Fly out, F3 (Popup, 3SF, EV 86.9 MPH)
Batting: RHB Jim Unknown 0-0: Ground out 5-3 (Groundball, 56S, EV 86.3 MPH)
Bottom of the 8th over - 0 runs, 2 hits, 0 errors, 2 left on base; Montgomery 3 - Mobile 3
TOP OF THE 9TH
Montgomery Biscuits batting - Pitching for Mobile BayBears : RHP Jim Unknown
Batting: LHB Matt Flagg 0-0: Foul Ball, location: 7LDF
0-1: SOLO HOME RUN (Flyball, 9LD, EV 90.6 MPH), Distance : 333 ft
Batting: RHB Bobby Williams 0-0: SOLO HOME RUN (Flyball, 7LD, EV 96.3 MPH), Distance : 355 ft
Batting: RHB Alex Soto 0-0: Ball
1-0: Called Strike
1-1: Ball
2-1: SINGLE (Groundball, 4S, EV 70.6 MPH) (infield hit)
Batting: LHB Joe Carter 0-0: SINGLE (Line Drive, 7S, EV 98.1 MPH)
Alex Soto to second
Alex Soto to third
Batting: LHB Javier Portilla 0-0: SINGLE (Line Drive, 9S, EV 110.0 MPH)
Alex Soto scores
Joe Carter to second
Batting: RHB Jason William 0-0: Called Strike
0-1: Ball
Wild Pitch!
Joe Carter to third
Javier Portilla to second
1-1: Ball
2-1: Swinging Strike
2-2: SINGLE (Line Drive, 9S, EV 105.6 MPH)
Joe Carter scores
Javier Portilla to third
Pitching: LHP Jim Unknown
Batting: RHB John Wiersema 0-0: Called Strike
0-1: Ball
1-1: Foul Ball, location: 9LMFF
1-2: Foul Ball, location: 9LDF
1-2: Fly out, F2 (Popup, 23F, EV 83.8 MPH)
Batting: RHB Melvin Casasola 0-0: Ball
1-0: Ball
2-0: Ball
3-0: Called Strike
3-1: Fly out, F7 (Flyball, 7D, EV 101.3 MPH)
Runner from 3rd tags up, SCORES, throw by LF
Batting: RHB Jose Cobian 0-0: Called Strike
0-1: Ball
1-1: Called Strike
1-2: Ball
2-2: Strikes out swinging
Top of the 9th over - 5 runs, 6 hits, 0 errors, 1 left on base; Montgomery 8 - Mobile 3
BOTTOM OF THE 9TH
Mobile BayBears batting - Pitching for Montgomery Biscuits : RHP Jay Wells
Batting: RHB Jim Unknown 0-0: Ground out 6-3 (Groundball, 56, EV 85.6 MPH)
Batting: SHB Jim Unknown 0-0: Called Strike
0-1: Foul Ball, location: 2F
0-2: Ball
1-2: Ball
2-2: Strikes out swinging
Batting: RHB Jim Unknown 0-0: Ball
1-0: Called Strike
1-1: Called Strike
1-2: Fly out, F1 (Line Drive, P, EV 64.4 MPH)
Bottom of the 9th over - 0 runs, 0 hits, 0 errors, 0 left on base; Montgomery 8 - Mobile 3
Friday, May 3rd , 2024 - OOTP Baseball 24.11 Build 85